 Dungeon Crawl Stone Soup version 0.31-a0-1074-g0b22e4e0f1 (webtiles) character file.

Game seed: 9489662099657191699

112 NogeeEf the Sneak (level 4, -4/25 HPs)
             Began as a Vampire Earth Elementalist on Dec 2, 2023.
             Killed from afar by Sigmund (5 damage)
             ... with a puff of flame
             ... on level 3 of the Dungeon.
             The game lasted 00:07:34 (2660 turns).

NogeeEf the Sneak (Vampire Earth Elementalist)      Turns: 2660, Time: 00:07:34

Health: -4/25      AC:  9    Str:  5 (7)  XL:     4   Next: 63%
Magic:  7/7        EV: 13    Int: 15 (17) God:
Gold:   82         SH:  0    Dex: 20 (22) Spells: 2/8 levels left

rFire   . . .        m - +4 dagger (protect)
rCold   + + .        (no shield)
rNeg    + + +        a - +0 robe
rPois   ∞            (no helmet)
rElec   .            (no cloak)
rCorr   .            (no gloves)
SInv    +            (no boots)
Will    .....        (no amulet)
Stlth   +++++        o - +6 ring of dexterity
HPRegen 0.00/turn    h - +4 ring of slaying
MPRegen 0.10/turn

%: no passive effects
@: under a protective aura, bloodless, inhibited regen
A: bloodless, fangs 3, see invisible, vampiric 2
a: Bat Form, Revivify


You were on level 3 of the Dungeon.
You visited 1 branch of the dungeon, and saw 3 of its levels.

You collected 82 gold pieces.

Inventory:

Hand Weapons
 e - a +0 dagger
 m - a +4 dagger of protection (weapon)
Armour
 a - a +0 robe (worn)
Jewellery
 h - a +4 ring of slaying (right hand)
 o - a +6 ring of dexterity (left hand)
Wands
 l - a wand of mindburst (13)
Scrolls
 c - a scroll of teleportation {unknown}
 i - a scroll of vulnerability {unknown}
 j - 3 scrolls of poison
 n - a scroll of fear {unknown}
 q - 2 scrolls of amnesia
 r - a scroll of summoning {unknown}
 s - a scroll of blinking {unknown}
 t - a scroll of revelation {unknown}
Potions
 b - a potion of magic
 d - a potion of curing
 f - 2 potions of enlightenment
 g - 2 potions of haste {unknown}
 k - a potion of brilliance {unknown}
 p - a potion of might {unknown}


   Skills:
 + Level 1.1 Fighting
 + Level 1.2 Short Blades
 + Level 3.0 Dodging
 + Level 4.1 Stealth
 + Level 2.6 Spellcasting
 - Level 1.6 Transmutations
 + Level 3.4 Earth Magic


You had 2 spell levels left.
You knew the following spells:

 Your Spells              Type           Power      Damage    Failure   Level
a - Sandblast             Erth           24%        2d8       4%          1
b - Passwall              Tmut/Erth      7%         N/A       11%         2
c - Stone Arrow           Conj/Erth      14%        3d7       30%         3

Your spell library contained the following spells:

 Spells                   Type           Power      Damage    Failure   Level
 Summon Small Mammal      Summ           4%         N/A       22%         1
 Blink                    Tloc           2%         N/A       32%         2
 Lesser Beckoning         Tloc           2%         N/A       32%         2
 Momentum Strike          Conj/Tloc      2%         3d8       32%         2
 Call Canine Familiar     Summ           1%         N/A       54%         3
 Summon Guardian Golem    Hex/Summ       1%         N/A       54%         3
 Petrify                  Tmut/Erth      9%         N/A       58%         4
 Brom's Barrelling Bould  Conj/Erth      7%         2d3       71%         4


Dungeon Overview and Level Annotations

Branches:
Dungeon (3/15)

Altars:

Annotations:
D:3 Sigmund


Innate Abilities, Weirdness & Mutations

You do not regenerate when monsters are visible.
You are frail without blood (-20% HP).
You can heal yourself when you bite living creatures.
You are immune to poison.
You have razor-sharp teeth.
You have supernaturally acute eyesight. (SInv)
You are afflicted with vampirism and can become a bat while bloodless.


Message History

Sigmund zaps a wand.
The puff of flame misses you.
You climb upwards.
There is a stone staircase leading down here.
You start resting.
You feel less confused.
You start resting.
Magic restored.
You start resting.
HP restored.
You climb downwards.
Level annotation: Sigmund Sigmund gestures at you while chanting.
You are confused.
There is a stone staircase leading up here.
You're too confused to cast spells.
Unknown command.
Unknown command.
You're too confused to cast spells.
Sigmund zaps a wand.
The puff of flame hits you!
There is a stone staircase leading up here.
Sigmund hits you from afar with a +0 scythe.
You feel less confused.
Sigmund points at you and mumbles some strange words.
The puff of flame hits you! Sigmund casts a spell at you.
The magic dart hits you!
* * * LOW HITPOINT WARNING * * *
You closely miss Sigmund.
Sigmund is moderately wounded.
Sigmund completely misses you.
You hit Sigmund.
Your weapon exudes an aura of protection.
Sigmund is heavily wounded.
Sigmund casts a spell at you.
The magic dart hits you but does no damage.
You barely miss Sigmund.
Sigmund is heavily wounded.
Sigmund zaps a wand.
The puff of flame hits you.
You die...
Sigmund begins carving another notch in his scythe.

....)...#.................##
##..##(##..................##
##...###....................#
#...........................#
............................#
............................#
............................#
............................#
...............@@.....(.....#
............................#
.>................).........
###........................#
...@......................#
.........................#
.....#..................######
.....##.....................(.
.#######..............#.......


You could see Sigmund.

Vanquished Creatures
  3 adders (D:3)
  A worm (D:3)
  3 dart slugs
  An orc (D:3)
  8 ball pythons
  10 endoplasms
  5 giant cockroaches
  4 goblins
  6 hobgoblins
  4 quokkas
  10 bats
  3 frilled lizards
  5 kobolds
  8 rats
71 creatures vanquished.

Notes
Turn   | Place    | Note
-------+----------+-------------------------------------------
     0 | D:1      | NogeeEf the Vampire Earth Elementalist began the quest for
                  | the Orb.
     0 | D:1      | Reached XP level 1. HP: 13/13 MP: 3/3
   250 | D:1      | Reached XP level 2. HP: 15/15 MP: 3/5
  1285 | D:1      | Gained mutation: You are afflicted with vampirism and can
                  | become a bat while bloodless. [Vampire growth]
  1285 | D:1      | Reached XP level 3. HP: 19/19 MP: 4/6
  2101 | D:3      | Reached skill level 1 in Short Blades
  2101 | D:3      | Reached XP level 4. HP: 24/24 MP: 7/7
  2126 | D:3      | Learned a level 2 spell: Passwall
  2130 | D:3      | Learned a level 3 spell: Stone Arrow
  2164 | D:3      | Reached skill level 4 in Stealth
  2244 | D:3      | Reached skill level 1 in Fighting
  2540 | D:3      | Noticed Sigmund
  2657 | D:3      | HP: 1/25 [Sigmund/magic dart (7)]
  2660 | D:3      | Killed from afar by Sigmund

Illustrated notes

Levels and vault maps discovered:
D:1:      scummos_arrival_simple_crosswalls, layout_loops_corners
D:2:      layout_basic
D:3:      layout_basic, minitemple, grunt_decor_clamped, minmay_three_crescents,
          uniq_sigmund

Skill      XL: |  1  2  3  4 |
---------------+-------------+-----
Short Blades   | 1 |  1.2
Stealth        | 4 |  4.1
Fighting       | 1 |  1.1
Dodging        | 3 |  3.0
Spellcasting   | |  2.6
Transmutations | |  1.6
Earth Magic    | |  3.4

Action                     |  1- 3 |  4- 6 || total
---------------------------+-------+-------++-------
  Melee: Dagger            |    42 |    13 ||    55
         Bite              |     1 |       ||     1
   Cast: Sandblast         |    41 |    19 ||    60
Ability: Exsanguinate      |     1 |       ||     1
         End Transformatio |       |     1 ||     1
         Bat Form          |       |     1 ||     1
    Use: Scroll            |     3 |     1 ||     4
         Potion            |       |     1 ||     1
   Stab: Sleeping          |    18 |     7 ||    25
 Armour: Robe              |    15 |    25 ||    40
  Dodge: Dodged            |    27 |    19 ||    46

Table legend: (Time is in decaauts)
 A = Elapsed time spent in this place.
 B = Non-inter-level travel time spent in this place.
 C = Inter-level travel time spent in this place.
 D = Time resting spent in this place.
 E = Time spent auto-exploring this place.
 F = Levels seen in this place.
 G = Mean time per level.
                   A        B        C        D        E       F      G
               +--------+--------+--------+--------+--------+-----+--------+
         Total |   2678 |   2482 |    196 |     75 |   1938 |   3 |  892.7 |
       Dungeon |   2678 |   2482 |    196 |     75 |   1938 |   3 |  892.7 |
               +--------+--------+--------+--------+--------+-----+--------+

Top non-repeatable levels by time:
     D:1: 1363 daAuts
     D:2: 696 daAuts
     D:3: 618 daAuts
